 Dungeon Crawl Stone Soup version 0.23.0-3-gf3c87f2 (webtiles) character file.

Game seed: 18238174409310185625

114 zishaf the Skirmisher (level 5, 0/43 HPs)
             Began as a Formicid Abyssal Knight on Feb 20, 2019.
             Was a Believer of Lugonu.
             Slain by a centaur (5 damage)
             ... on level 3 of the Dungeon.
             The game lasted 00:05:21 (2102 turns).

zishaf the Skirmisher (Formicid Abyssal Knight)     Turns: 2102, Time: 00:05:21

Health: 0/43       AC:  6    Str: 17    XL:     5   Next: 18%
Magic:  7/7        EV: 10    Int: 12    God:    Lugonu [**....]
Gold:   135        SH:  0    Dex: 10    Spells: 4/4 levels left

rFire    . . .     SeeInvis +   g - +0 hand axe (curse)
rCold    . . .     Gourm    .   (no shield)
rNeg     . . .     Faith    .   o - +1 ring mail
rPois    .         Spirit   .   (helmet unavailable)
rElec    .         Reflect  .   (no cloak)
rCorr    .         Harm     .   (no gloves)
MR       .....                  (no boots)
Stlth    ..........             (no amulet)
HPRegen  0.14/turn              (no ring)
MPRegen  0.10/turn              (no ring)

@: no status effects
A: permanent stasis, dig shafts and tunnels, four strong arms, antennae 3
a: Dig, Shaft Self, Depart the Abyss, Bend Space, Renounce Religion


You were on level 3 of the Dungeon.
You worshipped Lugonu.
Lugonu was pleased with you.
You were not hungry.

You visited 1 branch of the dungeon, and saw 3 of its levels.
You visited the Abyss 1 time.

You collected 135 gold pieces.

Inventory:

Hand Weapons
 a - a +1 spear
 f - a cursed -3 hunting sling
 g - a cursed +0 hand axe (weapon)
Missiles
 h - 62 stones (quivered)
 j - 4 tomahawks of dispersal
 n - 24 sling bullets
Armour
 k - a +0 scale mail
 o - a +1 ring mail (worn)
Jewellery
 b - an uncursed ring of fire
Scrolls
 l - 3 scrolls of identify
 p - a scroll of noise
 q - a scroll of immolation {unknown}
Potions
 d - a potion of invisibility
 i - a potion of haste {unknown}
 m - a potion of resistance {unknown}
Comestibles
 c - 6 rations
 r - 11 chunks of flesh


   Skills:
 + Level 4.3 Fighting
 - Level 2.1 Polearms
 + Level 3.5 Armour
 - Level 1.0 Dodging
 + Level 3.7 Invocations


You had 4 spell levels left.
You didn't know any spells.
Your spell library was empty.

Dungeon Overview and Level Annotations

Branches:
Dungeon (3/15)

Altars:
Okawaru
Sif Muna

Annotations:
D:3 1 runed translucent door, Dasmos's ghost, amateur DrBe


Innate Abilities, Weirdness & Mutations

You cannot be hasted, slowed, berserked, paralysed or teleported.
You can dig through walls and to a lower floor.
Your four strong arms can wield two-handed weapons with a shield.
You have a pair of large antennae on your head. (SInv)


Message History

The centaur hits you but does no damage.
The centaur hits you!
* * * LOW HITPOINT WARNING * * *
You hit the centaur but do no damage.
The centaur is severely wounded.
The centaur hits you but does no damage.
The centaur hits you.
* * * LOW HITPOINT WARNING * * *
You feel much better. The centaur misses you.
You barely miss the centaur.
The centaur is severely wounded.
The centaur hits you. The centaur closely misses you.
You hit the centaur.
The centaur is almost dead.
The centaur hits you. The centaur hits you!
* * * LOW HITPOINT WARNING * * *
You hit the centaur but do no damage.
The centaur is almost dead.
The centaur barely misses you. The centaur hits you.
You die...

##..##W##..##.#
#....#+#..# .#
#..... .#
#....# .# #
#....### .#.#
#......# { .#.#
#......# {...
##......#
####c#
.)......#
#..@>#
##......#
#(#### #####.##
#.# #.# #.# #.#
#.# #.# #.# #.#
#.# #.# #.# #.#
#.#


You could see a centaur.

Vanquished Creatures
  An orc wizard (D:3)
  2 adders (D:3)
  An ooze (D:3)
  4 leopard geckos
  5 orcs (D:3)
  4 bats
  3 giant cockroaches
  6 goblins
  8 hobgoblins
  5 kobolds
  A ball python (D:3)
  7 frilled lizards
  8 rats
55 creatures vanquished.

Notes
Turn   | Place    | Note
-------+----------+-------------------------------------------
     0 | Abyss:1  | zishaf the Formicid Abyssal Knight began the quest for the
                  | Orb.
     0 | Abyss:1  | Reached XP level 1. HP: 18/18 MP: 2/2
    97 | Abyss:1  | Noticed a wretched star
    97 | Abyss:1  | Noticed an ancient zyme
    98 | D:1      | Escaped the Abyss
   222 | D:1      | Reached skill level 1 in Dodging
   223 | D:1      | Found an iron altar of Okawaru.
   312 | D:1      | Reached XP level 2. HP: 21/24 MP: 3/3
   776 | D:1      | Reached * piety under Lugonu
  1090 | D:2      | Found a deep blue altar of Sif Muna.
  1129 | D:2      | Reached XP level 3. HP: 30/30 MP: 5/5
  1503 | D:3      | Reached XP level 4. HP: 33/37 MP: 6/6
  1532 | D:3      | Reached skill level 4 in Fighting
  1561 | D:3      | Noticed Dasmos's ghost (amateur DrBe)
  1567 | D:3      | Found a runed translucent door.
  1606 | D:3      | Reached ** piety under Lugonu
  1946 | D:3      | Reached XP level 5. HP: 40/42 MP: 7/7
  2084 | D:3      | Noticed a centaur
  2098 | D:3      | HP: 2/43 [centaur (4)]
  2102 | D:3      | Slain by a centaur

Skill      XL: |  1  2  3  4 |
---------------+-------------+-----
Dodging        | 1 |  1.0
Invocations    | 3 |  3.7
Armour         | 3 |  3.5
Fighting       | 4 |  4.3
Polearms       | |  2.1

Action                   |  1- 3 |  4- 6 || total
-------------------------+-------+-------++-------
Melee: Spear             |    28 |       ||    28
       Hand axe          |   100 |   110 ||   210
Invok: Depart the Abyss  |     1 |       ||     1
  Use: Scroll            |     5 |       ||     5
       Potion            |       |     3 ||     3
  Eat: Chunk             |     2 |     2 ||     4
Armor: Leather armour    |    24 |       ||    24
       Ring mail         |    31 |    46 ||    77
Dodge: Dodged            |    77 |    72 ||   149
